 Dungeon Crawl Stone Soup version 0.22.1-2-g9c5b331383 (webtiles) character file.

443 Circulus the Fighter (level 7, -5/62 HPs)
             Began as a Barachi Berserker on Nov 17, 2018.
             Was a Believer of Trog.
             Killed from afar by an orc wizard (9 damage)
             ... with a puff of flame
             ... on level 4 of the Dungeon.
             The game lasted 00:22:52 (4129 turns).

Circulus the Fighter (Barachi Berserker)            Turns: 4129, Time: 00:22:52

Health: -5/62      AC:  6    Str: 22    XL:     7   Next: 2%
Magic:  7/7        EV: 11    Int:  7    God:    Trog [**....]
Gold:   31         SH:  0    Dex: 12    Spells: 6/6 levels left

rFire    . . .     SeeInvis .   a - +0 hand axe
rCold    . . .     Gourm    .   (no shield)
rNeg     . . .     Faith    .   e - +0 ring mail
rPois    .         Spirit   .   (no helmet)
rElec    .         Reflect  .   (no cloak)
rCorr    .         Harm     .   (no gloves)
MR       .....                  (no boots)
Stlth    ++........             (no amulet)
HPRegen  0.20/turn              k - ring of stealth
MPRegen  0.10/turn              b - +2 ring of strength

@: berserk cooldown, slowed, very slow
A: +LOS, swims, slowness 1, strong legs 1
a: Hop, Berserk, Trog's Hand, Renounce Religion


You were on level 4 of the Dungeon.
You worshipped Trog.
Trog was pleased with you.
You were very hungry.

You visited 1 branch of the dungeon, and saw 4 of its levels.

You collected 106 gold pieces.
You spent 75 gold pieces at shops.

Inventory:

Hand Weapons
 a - a +0 hand axe (weapon)
 l - a +0 hunting sling
Missiles
 n - 24 arrows
 o - 76 stones (quivered)
 q - 6 needles of sleeping
Armour
 e - a +0 ring mail (worn)
Jewellery
 b - a +2 ring of strength (right hand)
 k - a ring of stealth (left hand)
Scrolls
 d - 3 scrolls of magic mapping
 f - 2 scrolls of fog
 g - a scroll of remove curse {unknown}
 i - a scroll of identify
 j - a scroll of enchant armour {unknown}
 m - 3 scrolls of noise
 r - a scroll of enchant weapon {unknown}
Potions
 h - 2 potions of agility
 p - a potion of haste
 s - a potion of curing
Comestibles
 c - 4 rations
 t - a chunk of flesh


   Skills:
 + Level 8.2 Fighting
 + Level 3.6 Axes
 + Level 4.5 Armour
 - Level 2.1 Dodging


You had 6 spell levels left.
You didn't know any spells.
Your spell library was empty.

Dungeon Overview and Level Annotations

Branches:
Dungeon (4/15)
 Temple: D:4-7

Altars:
Cheibriados
Dithmenos
Sif Muna

Shops:
D:4 =


Innate Abilities, Weirdness & Mutations

Shadows flee at your approach. (+LOS)
You can swim through water.
You cover ground slowly.
You can hop short distances.


Message History

You are too confused!
The orc wizard gestures at you while chanting.
The puff of flame hits you!
You are too confused!
You are engulfed in a cloud of scalding steam.
* * * LOW HITPOINT WARNING * * *
You feel less confused. The orc wizard barely misses you.
The orc wizard hits you with a dagger.
* * * LOW HITPOINT WARNING * * *
You hit the orc wizard.
The orc wizard is moderately wounded.
You are engulfed in a cloud of scalding steam.
* * * LOW HITPOINT WARNING * * *
The orc wizard misses you.
You are engulfed in a cloud of scalding steam.
* * * LOW HITPOINT WARNING * * *
The orc wizard barely misses you.
The orc wizard points at you and mumbles some strange words.
The puff of flame hits you!
You die...

.........# #..#
.####.#########.##
.##.........##...##
.##.#.#######.._..#
.##.#.##### #.8.8.#
..........# ###'###
.##.#.##..# #...#
.##.#.##..####...#
.##.#.##....##≈≈@#
.##.#.##.#####.>o#
.##.#.......#######
.##.####.#### #.#.#
....####.# #.#.#
.........######.#.#
................#.#
.........########.#
...####### #.#


You could see an orc wizard.

Vanquished Creatures
  A scorpion (D:4)
  A vampire bat (D:3)
  2 orc wizards (D:4)
  A centaur skeleton (D:4)
  A worker ant (D:4)
  2 adders
  8 gnolls (D:2)
  4 worms
  3 fire bats (D:3)
  5 leopard geckos
  2 orcs
  2 spectral bats (D:3)
  3 ball pythons
  3 bat skeletons (D:3)
  A bat zombie (D:3)
  A giant cockroach (D:3)
  6 goblins
  7 hobgoblins
  6 jackals (D:1)
  16 bats
  A bat simulacrum (D:3)
  4 frilled lizards
  5 kobolds
  4 rats
89 creatures vanquished.

Notes
Turn   | Place    | Note
-------+----------+-------------------------------------------
     0 | D:1      | Circulus the Barachi Berserker began the quest for the Orb.
     0 | D:1      | Reached XP level 1. HP: 18/18 MP: 1/1
    35 | D:1      | Found a snail-covered altar of Cheibriados.
   299 | D:1      | Reached skill level 4 in Fighting
   304 | D:1      | Reached XP level 2. HP: 21/25 MP: 2/2
   876 | D:2      | Reached XP level 3. HP: 25/31 MP: 3/3
  1168 | D:2      | Reached skill level 5 in Fighting
  1171 | D:2      | Reached XP level 4. HP: 39/39 MP: 4/4
  1531 | D:2      | HP: 3/60 [gnoll/spear (9)]
  1890 | D:2      | Reached XP level 5. HP: 42/46 MP: 5/5
  2017 | D:2      | Found a shadowy altar of Dithmenos.
  2264 | D:2      | Reached skill level 6 in Fighting
  2308 | D:2      | Reached ** piety under Trog
  2668 | D:3      | Reached skill level 7 in Fighting
  2724 | D:3      | Reached XP level 6. HP: 55/55 MP: 6/6
  3513 | D:4      | Reached skill level 8 in Fighting
  3744 | D:4      | Reached *** piety under Trog
  3917 | D:4      | Found Hakkufeph's Jewellery Shop.
  3925 | D:4      | Bought a +2 ring of strength for 75 gold pieces
  4092 | D:4      | Found a deep blue altar of Sif Muna.
  4109 | D:4      | Reached XP level 7. HP: 55/62 MP: 7/7
  4129 | D:4      | Killed from afar by an orc wizard

Skill      XL: |  1  2  3  4  5  6 |
---------------+-------------------+-----
Fighting       | 4 5 7 8 |  8.2
Armour         | 3 4 |  4.5
Axes           | |  3.6
Dodging        | |  2.1

Action                   |  1- 3 |  4- 6 |  7- 9 || total
-------------------------+-------+-------+-------++-------
Melee: Hand axe          |    95 |   247 |     3 ||   345
Invok: Berserk           |     2 |     6 |       ||     8
       Trog's Hand       |       |     2 |       ||     2
 Abil: Hop               |       |     1 |       ||     1
  Use: Scroll            |       |     6 |       ||     6
  Eat: Chunk             |     2 |    14 |       ||    16
       Ration            |       |     1 |       ||     1
Armor: Animal skin       |    11 |       |       ||    11
       Ring mail         |    26 |   143 |    10 ||   179
Dodge: Dodged            |    74 |   216 |     5 ||   295
